 Dungeon Crawl Stone Soup version 0.16.1-51-g6203257 (webtiles) character file.

61892 RepoMan the Destroyer (level 15, -9/126 HPs)
             Began as a Ghoul Wizard on June 23, 2015.
             Was the Champion of Kikubaaqudgha.
             Mangled by a vampire mosquito (11 damage)
             ... on level 2 of the Swamp on July 9, 2015.
             The game lasted 09:28:12 (32737 turns).

RepoMan the Destroyer (Ghoul Wizard)               Turns: 32737, Time: 09:28:13

Health: -9/126     AC:  9    Str: 13    XL:     15   Next: 4%
Magic:  2/33       EV: 12    Int: 18    God:    Kikubaaqudgha [******]
Gold:   1116       SH:  0    Dex:  7    Spells: 12 memorised, 2 levels left

rFire  . . .     SeeInvis +     l - staff of wizardry
rCold  + . .     Clarity  .     y - +1 robe {Archmagi}
rNeg   + + +     SustAb   +     (no shield)
rPois  ∞         Gourm    .     L - +2 helmet {SInv}
rElec  .         Spirit   .     j - +0 cloak
rCorr  .         Warding  .     K - +0 pair of gloves
rMut   .         Stasis   .     i - +0 pair of boots
MR     +....                    (no amulet)
Stlth  ++........               a - ring of sustain abilities
                                G - ring of wizardry

@: very slightly contaminated, rotting, hasted, very quick, somewhat resistant
to hostile enchantments, unstealthy
A: rotting body, claws 1, carnivore 3, cold resistance 1, negative energy
resistance 3, poison resistance, slow healing 1, torment resistance, unbreathing
a: Receive Corpses, Torment, Renounce Religion


You were on level 2 of the Swamp.
You worshipped Kikubaaqudgha.
Kikubaaqudgha was exalted by your worship.
You were not hungry.

You visited 4 branches of the dungeon, and saw 22 of its levels.
You also visited: Labyrinth and Volcano.

You collected 1344 gold pieces.
You spent 228 gold pieces at shops.

Inventory:

Hand weapons
 W - a +8 blowgun
Missiles
 s - 2 needles of confusion
 F - 6 needles of slowing
 J - 2 poisoned needles
Armour
 i - a +0 pair of boots (worn)
 j - a +0 cloak (worn)
 w - a +1 leather armour of magic resistance
 y - a +1 robe of the Archmagi (worn)
 K - a +0 pair of gloves (worn)
 L - a +2 helmet of see invisible (worn)
Magical staves
 l - an uncursed staff of wizardry (weapon)
Rods
 p - a +2 rod of destruction (2/9)
   (You found it in a labyrinth)
Jewellery
 a - a ring of sustain abilities (right hand)
 c - an uncursed ring of poison resistance {unknown}
 o - a +3 ring of strength
 u - an uncursed ring of protection from fire
 G - a ring of wizardry (left hand)
 N - an uncursed ring of protection from cold
 O - an uncursed ring of flight
Magical devices
 e - a wand of teleportation (0)
 g - a wand of lightning (0)
 k - a wand of disintegration (10)
 m - a wand of fire (0)
 A - a wand of digging (8)
Scrolls
 b - 2 scrolls of immolation
 q - a scroll of vulnerability
 v - 5 scrolls of identify
 B - 4 scrolls of remove curse
 D - 4 scrolls of teleportation
 E - 3 scrolls of fog
 H - a scroll of amnesia
 U - a scroll of magic mapping
Potions
 h - 2 potions of resistance
 n - 4 potions of curing
 r - a potion of cancellation
 t - 2 potions of flight
 I - a potion of restore abilities
 P - a potion of haste
 S - 3 potions of brilliance
Comestibles
 f - 13 meat rations


   Skills:
 + Level 9.8 Fighting
 - Level 2.5 Dodging
 - Level 2.1 Stealth
 + Level 11.4 Spellcasting
 * Level 14.3 Conjurations
   Level 0.8 Summonings
 - Level 10.2 Necromancy
 - Level 2.0 Translocations
 - Level 4.4 Poison Magic


You had 2 spell levels left.
You knew the following spells:

 Your Spells              Type           Power        Failure   Level  Hunger
a - Magic Dart            Conj           ####         1%          1    None
b - Blink                 Tloc           N/A          1%          2    None
d - Mephitic Cloud        Conj/Pois/Air  #####...     1%          3    None
e - Stone Arrow           Conj/Erth      ######       1%          3    None
g - Corpse Rot            Necr           N/A          1%          2    None
o - Olgreb's Toxic Radia  Pois           #####...     4%          4    ##.....
p - Fulminant Prism       Conj/Hex       ######....   1%          4    ##.....
r - Repel Missiles        Chrm/Air       ###...       3%          2    None
s - Animate Skeleton      Necr           N/A          1%          1    None
u - Control Undead        Necr           ######....   1%          4    ##.....
v - Vampiric Draining     Necr           ######....   1%          3    None
y - Agony                 Necr           ######..     1%          5    ####...


Dungeon Overview and Level Annotations

Branches:
Dungeon (11/15)            Temple (1/1) D:7            Lair (8/8) D:9
  Swamp (2/5) Lair:5        Snake (0/5) Lair:4          Orc (0/4) D:9
  Slime: Lair:6-8

Altars:
Ashenzari
Cheibriados
Dithmenos
Elyvilon
Fedhas
Gozag
Kikubaaqudgha
Makhleb
Nemelex Xobeh
Okawaru
Qazlal
Ru
Sif Muna
Trog
Vehumet
Xom
Yredelemnul
Zin
The Shining One

Shops:
D:4 *   D:5 ?   D:8 }   D:9 =

Annotations:
D:3 Sigmund
D:5 Grinder; krupnik16's ghost, experienced GrFi
D:11 Urug
Lair:6 exclusion: oklob plant
Lair:7 exclusion: oklob plant
Lair:8 1 runed door, exclusion: 2 oklob plants
Swamp:1 exclusion: downstairs


Innate Abilities, Weirdness & Mutations

Your body is rotting away.
You thrive on raw meat.
You have sharp fingernails.
You are carnivorous and can eat meat at any time.
Your flesh is cold resistant.
You are immune to negative energy.
Your system is resistant to poisons.
You heal slowly when monsters are visible.
You are immune to unholy pain and torment.
You can survive without breathing.


Message History

The bog body is engulfed in freezing vapours.
The vampire mosquito buzzes angrily.
The alligator is engulfed in noxious fumes.
The alligator appears confused.
The alligator bites the water moccasin!
The alligator closely misses the water moccasin.
Drink which item? (? for menu, Esc to quit)
Okay, then.
Unknown command.
The alligator is engulfed in noxious fumes.
The vampire mosquito bites you!
* * * LOW HITPOINT WARNING * * *
The vampire mosquito bites you!
* * * LOW HITPOINT WARNING * * *
The alligator is engulfed in noxious fumes.
The vampire mosquito barely misses you. The vampire mosquito bites you.
* * * LOW HITPOINT WARNING * * *
The vampire mosquito bites you!
You die...
Kikubaaqudgha rasps: "You have failed me!
Welcome... oblivion!"

.≈≈≈≈..≈≈.≈..♣♣♣♣
.≈≈≈≈.♣♣♣≈.♣♣♣
.≈≈≈≈.♣♣♣♣♣♣ ♣♣♣♣♣
..≈≈≈...≈♣♣ ♣♣..≈♣
≈.≈≈≈≈...≈♣ ♣≈≈≈.♣
≈≈≈≈Zn..≈♣♣ ♣≈≈≈≈♣
≈≈.!≈.≈≈..♣♣ ♣..<♣
≈≈≈..≈.....♣♣♣.≈.♣
≈≈..♣♣♣≈..≈≈≈≈.S@♣
≈≈..♣♣♣♣.≈≈t..≈yy♣
≈.§≈.....≈≈.....≈♣
..≈≈....≈....n..≈♣
§.≈≈≈≈.≈≈≈.(.♣♣≈♣♣
§ .♣♣≈≈≈.v≈v§♣♣♣
♣♣.≈≈≈.≈kv§♣♣♣
♣.≈......§≈..♣
♣..♣≈..v.≈...♣


You could see an alligator (confused), a bog body, a swamp drake, a water
moccasin, 2 vampire mosquitoes and 2 insubstantial wisps.

Vanquished Creatures
  A minotaur (Lab)
  Fannar (Lair:6)
  5 hydras
  A catoblepas (Lair:8)
  An alligator (Swamp:1)
  An ogre mage (Volcano)
  6 death yaks
  Nergalle (Lair:8)
  Erolcha (D:8)
  3 lindwurms
  2 hill giants (Volcano)
  An orc knight (D:11)
  7 elephants
  A griffon (Lair:8)
  10 spiny frogs
  A black mamba (Lair:7)
  6 torpor snails (Lair:8)
  A queen ant (Lair:3)
  3 fire drakes
  3 komodo dragons
  2 two-headed ogres (Volcano)
  2 giant leeches (Lair:8)
  A troll (D:10)
  2 baby alligators (Swamp:1)
  2 bog bodies
  2 slime creatures
  A trapdoor spider zombie (D:11)
  16 blink frogs
  A basilisk (Lair:8)
  A shadow (Lab)
  3 hungry ghosts
  23 yaks
  A wyvern (Lair:2)
  Eustachio (D:9)
  Grum (D:8)
  A spiny frog skeleton (Lair:7)
  3 hippogriffs
  2 insubstantial wisps (Swamp:1)
  3 swamp worms (Swamp:1)
  20 soldier ants (Lair:3)
  4 vampire mosquitoes (Swamp:1)
  16 wolves
  4 wargs (D:11)
  12 water moccasins
  5 porcupines
  2 black bears
  6 orc warriors
  A baby alligator skeleton (Swamp:1)
  4 swamp drakes
  3 ice beasts
  5 sky beasts
  7 ogres
  A phantom (D:6)
  4 wasps (Lair:8)
  A blink frog skeleton (Lair:8)
  6 crocodiles
  2 centaurs
  A boring beetle (Lair:8)
  An electric eel (Lair:5)
  3 big kobolds (D:10)
  2 brain worms (Lair:8)
  Blork the orc (D:9)
  5 giant frogs
  3 killer bees (D:8)
  A water moccasin skeleton (Lair:8)
  2 scorpions (D:8)
  2 wights (D:11)
  A yak skeleton (Lair:7)
  A jelly (D:8)
  5 crimson imps
  A giant frog zombie (D:10)
  4 goliath beetles
  18 hounds
  Dowan (D:5)
  5 iguanas
  2 giant frog skeletons
  A centaur skeleton (D:8)
  4 orc priests
  A gnoll shaman (D:5)
  2 orc wizards
  21 worker ants
  A porcupine skeleton (Lair:1)
  18 sheep
  12 adders
  6 gnolls
  39 river rats
  2 giant mites
  A white imp (D:11)
  14 worms (Lair:8)
  An adder zombie (D:7)
  2 sheep skeletons
  3 adder skeletons
  2 giant geckos
  41 orcs
  Natasha (D:6)
  2 ball pythons
  16 bats
  A bat skeleton (D:6)
  A bat zombie (D:6)
  10 goblins
  16 hobgoblins
  6 jackals
  19 kobolds
  12 quokkas
  5 giant cockroaches
  4 giant newts
  A giant spore (D:7)
  An orc skeleton (D:11)
  2 orc zombies (D:11)
  A quokka skeleton (D:9)
  12 rats
  2 fungi
569 creatures vanquished.

Vanquished Creatures (collateral kills)
  2 hydras
  2 death yaks (Lair:8)
  2 oklob plants
  A hornet (Swamp:1)
  A manticore (Lair:8)
  10 elephants
  3 black mambas
  5 spiny frogs
  4 komodo dragons
  3 fire drakes
  3 bog bodies (Swamp:1)
  2 baby alligators (Swamp:1)
  10 blink frogs
  A polar bear (Lair:8)
  4 slime creatures
  A giant leech (Lair:8)
  A basilisk (Lair:6)
  2 orc warriors
  11 yaks
  2 wyverns (Lair:8)
  6 hippogriffs
  3 insubstantial wisps (Swamp:1)
  3 swamp worms (Swamp:1)
  2 wolves (Lair:8)
  4 vampire mosquitoes (Swamp:1)
  2 porcupines (Lair:4)
  11 water moccasins
  A phantom (D:6)
  2 swamp drakes (Swamp:1)
  A necrophage (D:9)
  5 ogres
  A centaur (D:6)
  A boring beetle (Lair:8)
  6 crocodiles
  Duvessa (D:5)
  2 big kobolds
  10 giant frogs
  A wyvern zombie (D:7)
  A brain worm (Lair:8)
  A scorpion (D:5)
  A wolf skeleton (Lair:3)
  A wight (D:11)
  A crimson imp (D:6)
  2 jellies
  A centaur zombie (D:10)
  2 giant frog skeletons (D:4)
  4 hounds
  A centaur skeleton (D:6)
  6 worker ants
  Natasha (twice) (D:6)
  4 iguanas
  6 sheep
  Ijyb (D:3)
  2 gnolls (D:5)
  13 adders
  17 river rats
  A shadow imp (D:6)
  A giant mite (D:4)
  3 worms
  An adder zombie (D:5)
  2 adder skeletons
  5 orcs
  A bat skeleton (D:5)
  A goblin (D:4)
  3 hobgoblins
  A jackal (D:2)
  2 kobolds
  2 quokkas
  A ball python (D:8)
  2 rats
  A bush (Lair:8)
  A butterfly (Lair:8)
  4 fungi
  2 plants
232 creatures vanquished.

Vanquished Creatures (others)
  3 death yak skeletons
  A hydra skeleton (Swamp:1)
  A griffon skeleton (Lair:8)
  2 alligator skeletons (Swamp:2)
  4 black mamba skeletons
  2 water moccasins
  An ogre skeleton (Volcano)
  6 spiny frog skeletons
  14 blink frog skeletons
  A crocodile (Lair:8)
  5 elephant skeletons
  3 lindwurm skeletons
  2 fire drake skeletons
  3 komodo dragon skeletons
  2 fulminant prisms
  8 water moccasin skeletons
  3 wyvern skeletons
  11 yak skeletons
  3 hippogriff skeletons
  17 crimson imps
  2 wolf skeletons
  4 iron imps
  3 bog body skeletons (Swamp:1)
  5 giant frog skeletons
  A basilisk skeleton (Lair:8)
  A porcupine skeleton (Lair:6)
  4 crocodile skeletons
  6 hound skeletons
  9 shadow imps
  A swamp drake skeleton (Lair:5)
  14 white imps
  8 adder skeletons
  6 sheep skeletons
  5 iguana skeletons
  An orc (D:7)
  7 quokka skeletons
  19 river rat skeletons
  30 fungi
  21 plants
239 creatures vanquished.

Grand Total: 1040 creatures vanquished

Notes
Turn   | Place    | Note
--------------------------------------------------------------
     0 | D:1      | RepoMan, the Ghoul Wizard, began the quest for the Orb.
     0 | D:1      | Reached XP level 1. HP: 14/14 MP: 3/3
    98 | D:2      | Reached skill level 1 in Conjurations
   340 | D:2      | Reached XP level 2. HP: 20/20 MP: 0/5
   349 | D:2      | Learned a level 2 spell: Blink
   352 | D:2      | Learned a level 2 spell: Call Imp
   579 | D:2      | Reached skill level 3 in Spellcasting
   707 | D:2      | Reached XP level 3. HP: 18/26 MP: 2/8
  1238 | D:3      | Noticed Ijyb
  1278 | D:3      | Killed Ijyb
  1436 | D:3      | Noticed Sigmund
  1692 | D:1      | You fall through a shaft!
  1733 | D:1      | Reached XP level 4. HP: 15/33 MP: 1/8
  2479 | D:4      | Found Vidos' Assorted Antiques.
  2482 | D:4      | Bought a twisted silver wand for 80 gold pieces
  2838 | D:4      | Noticed an ogre
  2858 | D:4      | Killed an ogre
  2858 | D:4      | Reached skill level 4 in Spellcasting
  2858 | D:4      | Reached XP level 5. HP: 38/38 MP: 6/12
  2972 | D:4      | Learned a level 3 spell: Mephitic Cloud
  3029 | D:4      | Found a bloodstained altar of Trog.
  3353 | D:4      | Noticed a centaur
  3360 | D:4      | Killed a centaur
  3360 | D:4      | Reached XP level 6. HP: 26/45 MP: 8/14
  3758 | D:4      | Got an ichor-stained short sword
  3848 | D:4      | Identified the +6 short sword "Ciper" {antimagic, rC+} (You found it on level 4 of the Dungeon)
  3888 | D:5      | Entered Level 5 of the Dungeon
  4076 | D:4      | Bought a scroll labeled FRAAZX NERGHIGG for 20 gold pieces
  4076 | D:4      | Bought a scroll labeled OXUKAI KUMOR for 20 gold pieces
  4076 | D:4      | Bought a scroll labeled ZEWOLIOSTRI for 20 gold pieces
  4314 | D:5      | Noticed krupnik16's ghost (experienced GrFi)
  4722 | D:5      | Noticed Dowan
  4724 | D:5      | Noticed Duvessa
  4839 | D:5      | Killed Dowan
  4839 | D:5      | Reached skill level 5 in Spellcasting
  4839 | D:5      | Reached XP level 7. HP: 21/47 MP: 2/17
  4996 | D:5      | Killed Duvessa
  5120 | D:5      | Found Ytsoaced's Magic Scroll Shop.
  5123 | D:5      | Bought a scroll of identify for 22 gold pieces
  5180 | D:5      | Bought a scroll of noise for 11 gold pieces
  5213 | D:5      | Noticed Grinder
  5614 | D:5      | Reached skill level 5 in Conjurations
  5813 | D:5      | Reached XP level 8. HP: 57/57 MP: 16/20
  5819 | D:5      | Paralysed by Grinder for 7 turns
  5839 | D:5      | Paralysed by Grinder for 6 turns
  5858 | D:5      | Paralysed by Grinder for 4 turns
  6136 | D:5      | Bought a scroll of identify for 22 gold pieces
  6136 | D:5      | Bought a scroll of remove curse for 33 gold pieces
  6153 | D:6      | Reached skill level 6 in Spellcasting
  6157 | D:6      | Noticed an ogre
  6517 | D:6      | Noticed Natasha
  6576 | D:6      | Killed Natasha
  6633 | D:6      | Killed an ogre
  6730 | D:6      | Noticed Natasha
  6738 | D:6      | Killed Natasha
  6819 | D:6      | Noticed Natasha
  6824 | D:6      | Killed Natasha
  7675 | D:7      | Reached skill level 1 in Poison Magic
  8019 | D:7      | Reached XP level 9. HP: 56/61 MP: 3/22
  8191 | D:7      | Found a staircase to the Ecumenical Temple.
  8200 | Temple   | Entered the Ecumenical Temple
  8258 | Temple   | Became a worshipper of Kikubaaqudgha
  8506 | D:7      | Reached skill level 7 in Spellcasting
  9242 | D:8      | Found a burning altar of Makhleb.
  9330 | D:8      | Noticed Grum
  9348 | D:8      | Killed Grum
  9586 | D:8      | Found Methreul's Gadget Shoppe.
  9849 | D:8      | Acquired Kikubaaqudgha's first power
  9849 | D:8      | Received a gift from Kikubaaqudgha
  9850 | D:8      | Identified Kikubaaqudgha's Reference Book on Dark Arts (Kikubaaqudgha gifted it to you on level 8 of the Dungeon)
  9860 | D:8      | Learned a level 4 spell: Olgreb's Toxic Radiance
  9864 | D:8      | Learned a level 3 spell: Vampiric Draining
  9931 | D:8      | Reached skill level 1 in Necromancy
 10302 | D:8      | Noticed Erolcha
 10319 | D:8      | Killed Erolcha
 10319 | D:8      | Reached skill level 8 in Conjurations
 10319 | D:8      | Reached XP level 10. HP: 68/68 MP: 16/24
 10575 | D:9      | Found Suhedda's Jewellery Shoppe.
 11029 | D:9      | Found a staircase to the Lair.
 11095 | D:9      | Acquired Kikubaaqudgha's second power
 11246 | D:9      | Found a staircase to the Orcish Mines.
 11279 | D:9      | Noticed Eustachio
 11293 | D:9      | Killed Eustachio
 11445 | D:9      | Noticed Blork the orc
 11464 | D:9      | Killed Blork the orc
 12066 | D:10     | Entered Level 10 of the Dungeon
 12127 | D:10     | Got a heavy robe
 12128 | D:10     | Identified the +2 robe of the Dragon {rPois rCorr Dex-2 Slay+2} (You found it on level 10 of the Dungeon)
 12190 | D:10     | Found a shimmering altar of Xom.
 12360 | D:10     | Reached skill level 9 in Conjurations
 12436 | D:10     | Learned a level 4 spell: Control Undead
 12964 | D:10     | Noticed a three-headed hydra
 13176 | D:11     | Noticed Urug
 13371 | D:11     | Found a labyrinth entrance.
 13446 | D:11     | Learned a level 3 spell: Conjure Flame
 13450 | Lab      | Entered a labyrinth
 14395 | Lab      | Noticed a minotaur
 14413 | Lab      | HP: 1/66 [minotaur (29)]
 14435 | Lab      | Killed a minotaur
 14435 | Lab      | Reached skill level 5 in Necromancy
 14435 | Lab      | Reached XP level 11. HP: 4/71 MP: 12/27
 15020 | D:11     | Learned a level 2 spell: Repel Missiles
 15023 | D:11     | Learned a level 2 spell: Corpse Rot
 15047 | D:11     | Identified a +2 rod of destruction (9/9) (You found it in a labyrinth)
 15375 | D:11     | Reached skill level 10 in Conjurations
 15547 | D:11     | Received a gift from Kikubaaqudgha
 15548 | D:11     | Identified Kikubaaqudgha's Compendium of Necromancy (Kikubaaqudgha gifted it to you on level 11 of the Dungeon)
 15556 | D:11     | Noticed an orc knight
 15592 | D:11     | Killed an orc knight
 15778 | D:11     | Noticed an orc sorcerer
 15858 | Lair:1   | Entered Level 1 of the Lair of Beasts
 16154 | Lair:1   | Learned a level 1 spell: Animate Skeleton
 17125 | Lair:2   | Acquired Kikubaaqudgha's third power
 17256 | Lair:2   | Learned a level 3 spell: Stone Arrow
 17482 | Lair:2   | Reached skill level 1 in Fighting
 17755 | Lair:2   | Acquired Kikubaaqudgha's fourth power
 17928 | Lair:2   | Reached skill level 11 in Conjurations
 18550 | Lair:3   | Reached XP level 12. HP: 61/85 MP: 23/28
 19703 | Lair:3   | Noticed a seven-headed hydra
 19717 | Lair:3   | Killed a seven-headed hydra
 20171 | Lair:4   | Found a staircase to the Snake Pit.
 20238 | Lair:4   | Noticed a five-headed hydra
 20254 | Lair:4   | Killed a five-headed hydra
 21031 | Lair:5   | Found a dark tunnel.
 21036 | Volcano  | Entered a volcano
 21065 | Volcano  | Reached skill level 5 in Fighting
 21070 | Volcano  | Noticed an ogre mage
 21072 | Volcano  | Killed an ogre mage
 21189 | Volcano  | Reached skill level 12 in Conjurations
 21263 | Lair:5   | Found a staircase to the Swamp.
 21338 | Lair:5   | Noticed a death yak
 21338 | Lair:5   | Noticed a death yak
 21340 | Lair:5   | Noticed a death yak
 21342 | Lair:5   | Noticed a death yak
 21383 | Lair:5   | Killed a death yak
 21383 | Lair:5   | Reached XP level 13. HP: 64/100 MP: 12/29
 21563 | Lair:4   | Learned a level 5 spell: Agony
 21791 | Lair:5   | Reached skill level 10 in Spellcasting
 22332 | Lair:5   | Killed a death yak
 22353 | Lair:5   | Killed a death yak
 22399 | Lair:5   | Killed a death yak
 23505 | Lair:6   | Reached skill level 1 in Translocations
 24011 | Lair:6   | Noticed Fannar
 24053 | Lair:6   | Killed Fannar
 25036 | Lair:6   | Upgraded the game from 0.16.1-30-g34a7ffa to 0.16.1-51-g6203257
 25889 | Lair:7   | Reached skill level 13 in Conjurations
 26552 | Lair:8   | Entered Level 8 of the Lair of Beasts
 26552 | Lair:8   | Noticed Nergalle
 26564 | Lair:8   | Killed Nergalle
 26868 | Lair:7   | Identified a scroll of acquirement
 27306 | Lair:7   | Reached XP level 14. HP: 113/113 MP: 20/31
 27741 | Lair:8   | Found a runed door.
 28249 | Lair:8   | Reached skill level 10 in Necromancy
 31214 | Lair:2   | Identified Xavetumu's Grimoire of Conjuration (You acquired it on level 2 of the Lair of Beasts)
 31220 | Lair:2   | Learned a level 4 spell: Fulminant Prism
 31356 | Swamp:1  | Entered Level 1 of the Swamp
 31415 | Swamp:1  | Reached skill level 14 in Conjurations
 32283 | Swamp:1  | Reached XP level 15. HP: 102/126 MP: 11/33
 32735 | Swamp:2  | HP: 6/126 [vampire mosquito (10)]
 32737 | Swamp:2  | HP: 2/126 [vampire mosquito (4)]
 32737 | Swamp:2  | Mangled by a vampire mosquito

Action                   |  1- 3 |  4- 6 |  7- 9 | 10-12 | 13-15 || total
-------------------------+-------+-------+-------+-------+-------++-------
Melee: Unarmed           |    28 |     4 |       |       |       ||    32
       Club              |       |    58 |   185 |   174 |    15 ||   432
       Staff             |       |       |       |    10 |    59 ||    69
 Fire: Blowgun           |       |       |    23 |   124 |   161 ||   308
       Shortbow          |       |       |     4 |       |       ||     4
Throw: Javelin           |       |       |       |    18 |       ||    18
       Throwing net      |       |       |       |     1 |       ||     1
 Cast: Magic Dart        |    61 |    73 |   248 |   329 |    55 ||   766
       Call Imp          |    10 |    40 |    83 |    46 |       ||   179
       Blink             |       |     5 |     6 |    26 |    15 ||    52
       Mephitic Cloud    |       |     3 |    38 |    36 |    79 ||   156
       Olgreb's Toxic Ra |       |       |     2 |    36 |    30 ||    68
       Conjure Flame     |       |       |       |    15 |       ||    15
       Vampiric Draining |       |       |       |    16 |    30 ||    46
       Control Undead    |       |       |       |     9 |     8 ||    17
       Animate Skeleton  |       |       |       |    65 |   104 ||   169
       Stone Arrow       |       |       |       |    82 |   221 ||   303
       Corpse Rot        |       |       |       |     9 |    11 ||    20
       Repel Missiles    |       |       |       |     1 |       ||     1
       Agony             |       |       |       |       |    64 ||    64
       Fulminant Prism   |       |       |       |       |     2 ||     2
Invok: Receive Corpses   |       |       |       |       |     7 ||     7
Evoke: Wand              |       |     4 |     3 |     5 |    16 ||    28
       Rod               |       |       |       |    27 |    46 ||    73
  Use: Scroll            |       |     6 |       |    14 |    16 ||    36
       Potion            |       |       |       |    17 |     6 ||    23
 Stab: Sleeping          |     1 |     1 |     1 |     3 |       ||     6
       Distracted        |       |     1 |       |     1 |     1 ||     3
       Confused          |       |       |     4 |     6 |     4 ||    14
  Eat: Chunk             |    14 |    22 |    31 |    61 |    75 ||   203
       Beef jerky        |       |       |       |     1 |       ||     1
       Royal jelly       |       |       |       |     1 |       ||     1
